 Dungeon Crawl Stone Soup version 0.22.1-2-g9c5b331383 (webtiles) character file.

130785 Peloso the Peltast (level 16, -21/149 HPs)
             Began as a Minotaur Fighter on Nov 17, 2018.
             Was the Champion of Okawaru.
             Killed from afar by a ynoxinul (23 damage)
             ... with an iron shot
             ... summoned by Frances
             ... on level 1 of the Shoals.
             The game lasted 01:33:45 (33574 turns).

Peloso the Peltast (Minotaur Fighter)              Turns: 33574, Time: 01:33:45

Health: -21/149    AC: 27    Str: 26    XL:     16   Next: 53%
Magic:  17/17      EV: 11    Int:  5    God:    Okawaru [******]
Gold:   1988       SH: 16    Dex: 19    Spells: 15/15 levels left

rFire    + + +     SeeInvis +   a - +3 double sword (slice)
rCold    . . .     Gourm    +   c - +0 shield
rNeg     . . .     Faith    .   N - +2 plate armour {rF+}
rPois    +         Spirit   .   e - +2 hat {SInv}
rElec    .         Reflect  .   o - scarf {cloud immunity}
rCorr    .         Harm     .   E - +1 pair of gloves {Dex+3}
MR       +....                  L - +2 pair of boots {Fly}
Stlth    ..........             A - amulet of Cuen {Gourm rF+ Dex+4}
HPRegen  0.34/turn              v - ring of protection from fire
MPRegen  0.15/turn              y - ring of Qiatyi {rPois rF++}

@: flying, slowed, very slow
A: retaliatory headbutt, horns 2
a: Heroism, Finesse, Renounce Religion, Stop Flying


You were on level 1 of the Shoals.
You worshipped Okawaru.
Okawaru was exalted by your worship.
You were completely stuffed.

You visited 5 branches of the dungeon, and saw 25 of its levels.
You also visited: Labyrinth, Bailey, Ice Cave and Volcano.

You collected 3272 gold pieces.
You spent 1284 gold pieces at shops.

Inventory:

Hand Weapons
 a - a +3 double sword of slicing (weapon)
 b - a +4 scimitar of flaming
Armour
 c - a +0 shield (worn)
 e - a +2 hat of see invisible (worn)
 j - a +2 pair of boots of running
 o - a scarf of cloud immunity (worn)
 E - a +1 pair of gloves of dexterity (worn)
 L - a +2 pair of boots of flying (worn)
 N - a +2 plate armour of fire resistance (worn)
Jewellery
 t - an uncursed ring of protection from cold
 v - a ring of protection from fire (left hand)
 y - the ring of Qiatyi (right hand) {rPois rF++}
   (You found it on level 14 of the Dungeon)

   [ring of poison resistance]

   It greatly protects you from fire.
   It protects you from poison.
 A - the amulet of Cuen (around neck) {Gourm rF+ Dex+4}
   (You bought it in a shop on level 2 of the Orcish Mines)

   [amulet of the gourmand]

   It allows you to eat raw meat even when not hungry.
   It affects your dexterity (+4).
   It protects you from fire.
Wands
 u - a wand of digging (5)
Scrolls
 g - 7 scrolls of fear
 n - 4 scrolls of teleportation
 p - a scroll of enchant weapon
 q - a scroll of noise
 r - a scroll of identify
 w - 9 scrolls of remove curse
 H - a scroll of summoning
Potions
 d - 9 potions of might
 h - 8 potions of curing
 l - 9 potions of berserk rage
 m - 8 potions of agility
 B - 4 potions of resistance
Comestibles
 f - 42 rations


   Skills:
 + Level 15.3 Fighting
 + Level 17.9 Long Blades
 + Level 16.1 Armour
 + Level 3.9 Dodging
 + Level 2.0 Stealth
 + Level 18.9 Shields
 + Level 2.7 Invocations
 + Level 1.5 Evocations


You had 15 spell levels left.
You didn't know any spells.
Your spell library contained the following spells:

 Spells                   Type           Power        Failure   Level  Hunger
 Beastly Appendage        Tmut           #.....       98%         1    ##.....
 Corona                   Hex            #......      98%         1    ##.....
 Freeze                   Ice            #...         98%         1    ##.....
 Infusion                 Chrm           #...         98%         1    ##.....
 Summon Butterflies       Summ           #.......     98%         1    ##.....
 Shroud of Golubria       Chrm/Tloc      #.........   99%         2    ###....
 Slow                     Hex            #.......     99%         2    ###....
 Song of Slaying          Chrm           #.......     99%         2    ###....
 Sticks to Snakes         Tmut           #.......     99%         2    ###....
 Throw Frost              Conj/Ice       #.....       99%         2    ###....
 Call Canine Familiar     Summ           #.......     100%        3    ####...
 Ignite Poison            Fire/Tmut/Pois #.......     100%        3    ####...
 Inner Flame              Hex/Fire       #.......     100%        3    ####...
 Ozocubu's Armour         Chrm/Ice       #.......     100%        3    ####...
 Portal Projectile        Hex/Tloc       #.....       100%        3    ####...
 Regeneration             Chrm/Necr      #.........   100%        3    ####...
 Spectral Weapon          Hex/Chrm       #.......     100%        3    ####...
 Spider Form              Tmut/Pois      #.........   100%        3    ####...
 Cause Fear               Hex            #.........   100%        4    #####..
 Ice Form                 Ice/Tmut       #.......     100%        4    #####..
 Leda's Liquefaction      Hex/Erth       #.........   100%        4    #####..
 Summon Ice Beast         Ice/Summ       #.......     100%        4    #####..
 Throw Icicle             Conj/Ice       #.......     100%        4    #####..
 Blade Hands              Tmut           #.........   100%        5    ######.
 Bolt of Magma            Conj/Fire/Erth #.........   100%        5    ######.
 Fireball                 Conj/Fire      #.........   100%        5    ######.
 Iskenderun's Battlesphe  Conj/Chrm      #.......     100%        5    ######.
 Summon Mana Viper        Hex/Summ       #.......     100%        5    ######.
 Venom Bolt               Conj/Pois      #.........   100%        5    ######.
 Bolt of Fire             Conj/Fire      #.........   100%        6    #######
 Iron Shot                Conj/Erth      #.........   100%        6    #######
 Orb of Destruction       Conj           #.........   100%        7    #######
 Ring of Flames           Chrm/Fire      #.........   100%        7    #######
 Spellforged Servitor     Conj/Summ      #.........   100%        7    #######
 Summon Hydra             Summ           #.........   100%        7    #######
 Ignition                 Fire           #.........   100%        8    #######


Dungeon Overview and Level Annotations

Branches:
Dungeon (15/15)            Temple (1/1) D:4            Lair (6/6) D:10
 Shoals (1/4) Lair:2       Spider (0/4) Lair:4        Slime (0/5) Lair:6
    Orc (2/2) D:9             Elf (0/3) Orc:2        Vaults (0/5) D:14
 Depths (0/5) D:15

Altars:
Ashenzari
Cheibriados
Dithmenos
Elyvilon
Fedhas
Gozag
Hepliaklqana
Kikubaaqudgha
Makhleb
Nemelex Xobeh
Okawaru
Qazlal
Ru
Sif Muna
Trog
Uskayaw
Vehumet
Wu Jian
Xom
Yredelemnul
Zin
The Shining One
Beogh

Shops:
D:5 (   D:14 }   Orc:2 =(*[

Annotations:
Lair:3 exclusion: 3 oklob plants
Shoals:1 Frances


Innate Abilities, Weirdness & Mutations

You reflexively headbutt those who attack you in melee.
You have a pair of horns on your head.


Message History

* * * LOW HITPOINT WARNING * * *
Your wind drake exhales a fierce blast of wind!
The monsters around you are blown away!
The ynoxinul gestures.
Your merfolk hits the ynoxinul from afar with a trident!
Frances whispers indecipherable words.
The shard of ice hits you!
* * * LOW HITPOINT WARNING * * *
Okay, then.
Your harpy claws Frances!
Your harpy claws Frances.
Your harpy claws Frances but does no damage.
Your harpy claws Frances.
Your harpy barely misses Frances. x2
Your harpy claws Frances.
Your harpy closely misses Frances.
Frances completely misses your wind drake.
The ufetubus closely misses your merfolk.
The ufetubus misses your merfolk.
Your harpy claws Frances.
Your harpy completely misses Frances.
The ynoxinul gestures at you. The iron shot hits you!
You die...

..≈≈3≈≈≈≈..≈.....c≈≈≈≈≈
≈≈≈≈≈≈≈≈≈≈...c....≈≈≈≈≈≈
..≈≈≈≈≈≈≈≈......≈≈≈≈≈≈≈≈
≈≈≈≈≈≈≈≈..≈≈≈≈≈(≈≈≈≈≈≈≈≈
≈≈≈≈≈≈≈5.55≈≈≈≈≈(...≈≈≈≈
≈≈≈≈≈≈≈..m≈...(.....≈≈≈≈
≈≈≈≈≈≈≈3.@........≈≈≈≈≈≈
≈≈≈≈≈≈m.kHHH###...≈≈≈≈≈≈
≈≈≈≈≈≈5@HH..##.....≈≈≈≈≈
≈≈≈≈≈≈≈≈.....#........≈≈
≈≈≈≈≈≈≈≈≈.............≈≈
≈≈≈≈≈≈≈.........≈..≈≈≈≈≈
.≈..≈≈............≈≈≈≈≈≈
≈≈.≈≈≈............≈≈≈≈≈≈
...≈≈≈≈≈≈.........≈≈≈≈≈≈
≈......≈≈......≈≈.≈≈≈≈≈≈
.≈≈≈≈≈≈≈≈≈≈≈..≈≈≈≈≈


You could see Frances, a faun, a ynoxinul, 4 ufetubi, a friendly merfolk avatar,
a friendly wind drake, a friendly merfolk and 5 friendly harpies.

Vanquished Creatures
  Rupert (Lair:4)
  Gastronok (Lair:2)
  An orc warlord (Orc:2)
  The ghost of newuser the Severer, a journeyman MiGl of Ru (Lair:6)
  A stone giant (Orc:2)
  The ghost of gre3edy the Black Belt, a journeyman DsFi of Jiyva (Orc:2)
  A minotaur (Lab)
  Josephine (Orc:1)
  2 fire dragons
  2 vault guards (D:14)
  Erolcha (D:10)
  9 hydras
  An ice dragon (D:15)
  Harold (Orc:1)
  A centaur warrior (D:14)
  Erica (Lair:2)
  9 death yaks
  10 two-headed ogres
  A dancing weapon (Orc:2)
  An ogre mage (D:15)
  4 orc high priests (Orc:2)
  2 tengu warriors
  4 skeletal warriors
  3 unseen horrors
  A sea snake (Shoals:1)
  3 wizards (D:14)
  The ghost of Cykl0x the Shield-Bearer, a novice GrFi of Okawaru (D:7)
  2 wolf spider zombies
  2 necromancers
  15 ugly things
  2 wolf spiders (D:14)
  4 orc knights
  5 deep elf magi
  5 cyclopes
  A faun (Shoals:1)
  6 orc sorcerers
  3 salamanders (Volcano)
  2 manticores
  A merfolk siren (Shoals:1)
  3 elephants (Lair:6)
  A water nymph (Shoals:1)
  5 black mambas
  An eye of devastation (shapeshifter) (D:14)
  An ice statue (IceCv)
  21 spiny frogs
  2 rime drakes (Lair:6)
  10 freezing wraiths (IceCv)
  An efreet (D:15)
  A redback zombie (D:13)
  8 komodo dragons
  A tengu conjurer (D:13)
  5 trolls
  4 jumping spiders (Lair:4)
  A polar bear (Lair:4)
  4 meliai
  2 merfolk (Lair:2)
  A wolf spider simulacrum (IceCv)
  5 tyrant leeches (Lair:6)
  7 slime creatures
  45 blink frogs
  3 redbacks (Lair:4)
  14 hippogriffs
  A vampire (D:9)
  A shadow (D:12)
  9 wraiths
  10 wyverns
  8 hungry ghosts
  A fire elemental (Lair:6)
  19 humans
  10 fire bats
  35 yaks
  2 steam dragons (Volcano)
  9 vampire mosquitoes
  6 basilisks
  6 wargs
  A soldier ant (D:10)
  10 water moccasins
  5 porcupines
  10 ice beasts
  A black bear (D:7)
  51 orc warriors
  A boggart (D:14)
  12 wolves
  13 ogres
  14 centaurs
  22 crocodiles
  4 big kobolds
  23 bullfrogs
  A wyvern zombie (D:9)
  A wyvern skeleton (D:8)
  3 scorpions
  18 killer bees
  10 wights
  A swamp dragon simulacrum (IceCv)
  4 electric eels
  6 crimson imps
  5 draconian simulacra (IceCv)
  2 bullfrog zombies
  A jelly (D:9)
  A gnoll shaman (D:5)
  13 orc priests
  A bullfrog skeleton (D:13)
  4 centaur skeletons
  7 hounds
  26 orc wizards
  11 iguanas
  13 worker ants
  A polar bear simulacrum (IceCv)
  2 spriggan simulacra (IceCv)
  5 troll simulacra (IceCv)
  A wolf simulacrum (IceCv)
  4 centaur simulacra (IceCv)
  A howler monkey zombie (D:11)
  5 gnolls (D:5)
  7 adders
  2 ogre simulacra (IceCv)
  2 naga simulacra (IceCv)
  A shadow imp (D:6)
  12 white imps (IceCv)
  An ooze (D:4)
  An adder skeleton (D:9)
  2 adder zombies
  2 worms
  A dart slug (D:1)
  12 leopard geckos
  68 orcs
  2 giant cockroaches (D:1)
  6 hobgoblins
  8 jackals
  24 kobolds
  3 quokkas
  11 bats
  13 frilled lizards
  13 goblins
  A leopard gecko skeleton (D:5)
  5 rats
  A plant (Lair:1)
888 creatures vanquished.

Vanquished Creatures (others)
  A wyvern (Volcano)
  8 fungi
  55 plants
64 creatures vanquished.

Grand Total: 952 creatures vanquished

Notes
Turn   | Place    | Note
-------+----------+-------------------------------------------
     0 | D:1      | Peloso the Minotaur Fighter began the quest for the Orb.
     0 | D:1      | Reached XP level 1. HP: 19/19 MP: 0/0
   271 | D:1      | Reached XP level 2. HP: 27/27 MP: 1/1
   883 | D:2      | Reached skill level 4 in Shields
   913 | D:2      | Found a shimmering altar of Xom.
   914 | D:2      | Found a hazy altar of Hepliaklqana.
   914 | D:2      | Noticed a yak
   915 | D:2      | Noticed a yak
   915 | D:2      | Noticed a spectral ugly thing
  1002 | D:2      | Reached XP level 3. HP: 33/33 MP: 2/2
  2098 | D:4      | Found a staircase to the Ecumenical Temple.
  2098 | D:4      | Found a radiant altar of Vehumet.
  2115 | D:4      | Reached XP level 4. HP: 31/40 MP: 3/3
  2124 | Temple   | Entered the Ecumenical Temple
  2175 | Temple   | Became a worshipper of Warmaster Okawaru
  2196 | D:4      | Reached skill level 5 in Shields
  2872 | D:5      | Entered Level 5 of the Dungeon
  2897 | D:5      | Found a white marble altar of Elyvilon.
  2973 | D:5      | Found a hazy altar of Hepliaklqana.
  2991 | D:5      | Found Ythi Ryc's Weapon Shop.
  3004 | D:5      | Reached XP level 5. HP: 42/46 MP: 4/4
  3148 | D:5      | Found a white marble altar of Elyvilon.
  3222 | D:5      | Reached skill level 1 in Dodging
  3225 | D:5      | Reached * piety under Okawaru
  3230 | D:5      | Reached skill level 5 in Armour
  3405 | D:5      | Found a blossoming altar of Fedhas.
  3619 | D:5      | Bought a +2 long sword of slicing for 223 gold pieces
  3648 | D:6      | Reached XP level 6. HP: 48/53 MP: 5/5
  4040 | D:6      | Reached skill level 5 in Long Blades
  4095 | D:6      | Found an opulent altar of Gozag.
  4400 | D:6      | Found a basalt altar of Yredelemnul.
  4428 | D:6      | Reached XP level 7. HP: 41/60 MP: 6/6
  4628 | D:6      | Found a glowing silver altar of Zin.
  4978 | D:7      | Noticed Cykl0x's ghost (novice GrFi)
  4979 | D:7      | Found a sacrificial altar of Ru.
  4981 | D:7      | Found a runed door.
  4993 | D:7      | Reached skill level 5 in Fighting
  4993 | D:7      | Reached skill level 6 in Shields
  4996 | D:7      | Reached ** piety under Okawaru
  5135 | D:7      | Noticed a hippogriff
  5146 | D:7      | Reached XP level 8. HP: 26/68 MP: 4/7
  5149 | D:7      | Killed a hippogriff
  5738 | D:7      | Found a snail-covered altar of Cheibriados.
  5739 | D:7      | Found a sparkling altar of Nemelex Xobeh.
  5741 | D:7      | Found a hide-covered altar of Uskayaw.
  5742 | D:7      | Found an ornate altar of the Wu Jian Council.
  5859 | D:8      | Reached skill level 7 in Shields
  6365 | D:8      | Found an ornate altar of the Wu Jian Council.
  6464 | D:7      | Reached *** piety under Okawaru
  6811 | D:8      | Reached XP level 9. HP: 65/75 MP: 5/8
  7008 | D:9      | Noticed a troll
  7022 | D:9      | Killed a troll
  7022 | D:9      | Reached skill level 8 in Shields
  7412 | D:9      | Reached **** piety under Okawaru
  7444 | D:9      | Found a staircase to the Orcish Mines.
  7539 | D:9      | Reached skill level 10 in Long Blades
  7568 | D:9      | Reached skill level 9 in Shields
  8138 | D:9      | Reached XP level 10. HP: 70/86 MP: 9/9
  9069 | D:10     | Entered Level 10 of the Dungeon
  9313 | D:10     | Found a staircase to the Lair.
  9317 | D:10     | Noticed Erolcha
  9342 | D:10     | Reached skill level 10 in Armour
  9370 | D:10     | Killed Erolcha
  9370 | D:10     | Reached ***** piety under Okawaru
  9370 | D:10     | Reached skill level 10 in Shields
  9852 | D:11     | Noticed a cyclops
  9854 | D:11     | Noticed a white ugly thing
  9871 | D:11     | Killed a white ugly thing
  9871 | D:11     | Reached skill level 1 in Stealth
  9875 | D:11     | Killed a cyclops
  9875 | D:11     | Received a gift from Okawaru
 10035 | D:11     | Noticed a white ugly thing
 10036 | D:11     | Reached XP level 11. HP: 93/94 MP: 10/10
 10060 | D:11     | Killed a white ugly thing
 10100 | D:11     | Reached skill level 11 in Shields
 10786 | D:11     | Killed an unseen horror
 10786 | D:11     | Received a gift from Okawaru
 11242 | D:11     | You are sucked into a shaft!
 11402 | D:12     | Got a transparent scythe
 11403 | D:12     | Identified the +0 scythe of Valuable Assets {slice, rN++}
                  | (You found it on level 12 of the Dungeon)
 11566 | D:12     | Noticed a two-headed ogre
 11574 | D:12     | Killed a two-headed ogre
 12319 | D:12     | Noticed a two-headed ogre
 12327 | D:12     | Killed a two-headed ogre
 12327 | D:12     | Reached skill level 12 in Shields
 12876 | Lair:1   | Entered Level 1 of the Lair of Beasts
 12923 | Lair:1   | Reached XP level 12. HP: 62/105 MP: 11/11
 13005 | Lair:1   | Found a dark tunnel.
 13013 | Volcano  | Entered a volcano
 13083 | Volcano  | Noticed a two-headed ogre
 13093 | Volcano  | Killed a two-headed ogre
 13174 | Volcano  | Reached skill level 1 in Evocations
 13285 | Volcano  | Noticed a two-headed ogre
 13298 | Volcano  | Killed a two-headed ogre
 13298 | Volcano  | Reached ****** piety under Okawaru
 13300 | Volcano  | Received a gift from Okawaru
 13326 | Volcano  | Reached skill level 10 in Fighting
 13327 | Volcano  | Reached skill level 13 in Shields
 13661 | Volcano  | Noticed a fire dragon
 13669 | Volcano  | Killed a fire dragon
 13669 | Volcano  | Reached skill level 1 in Invocations
 13968 | Volcano  | Identified a +1 pair of boots of running (You found it in a
                  | volcano)
 14135 | Lair:1   | Received a gift from Okawaru
 14805 | Lair:2   | Noticed a four-headed hydra
 14819 | Lair:2   | Killed a ten-headed hydra
 15042 | Lair:2   | Noticed Gastronok
 15130 | Lair:2   | Killed Gastronok
 15324 | Lair:2   | Noticed Erica
 15336 | Lair:2   | Killed Erica
 15336 | Lair:2   | Reached XP level 13. HP: 97/114 MP: 13/13
 15702 | Lair:2   | Reached skill level 15 in Long Blades
 15702 | Lair:2   | Reached skill level 14 in Shields
 15771 | Lair:2   | Found a staircase to the Shoals.
 16869 | Lair:3   | Received a gift from Okawaru
 18006 | Lair:4   | Reached skill level 15 in Shields
 18179 | Lair:4   | Found a frozen archway.
 18188 | IceCv    | Entered an ice cave
 18620 | IceCv    | Found an ancient bone altar of Kikubaaqudgha.
 18867 | IceCv    | Reached XP level 14. HP: 109/125 MP: 14/14
 19215 | Lair:4   | Received a gift from Okawaru
 19261 | Lair:4   | Found a hole to the Spider Nest.
 19538 | Lair:4   | Noticed Rupert
 19559 | Lair:4   | Killed Rupert
 20457 | Lair:6   | Entered Level 6 of the Lair of Beasts
 20483 | Lair:6   | Found a large runed door.
 20483 | Lair:6   | Found a large runed door.
 20492 | Lair:6   | Found a labyrinth entrance.
 20529 | Lab      | Entered a labyrinth
 20945 | Lab      | Reached skill level 16 in Shields
 20957 | Lab      | Got an iridescent scimitar
 20958 | Lab      | Identified the +3 scimitar of Lies {freeze, rF+ Dex+2} (You
                  | found it in a labyrinth)
 20962 | Lab      | Got a blackened trident
 20981 | Lair:6   | Noticed newuser's ghost (journeyman MiGl)
 22406 | Lair:6   | Reached skill level 15 in Armour
 22436 | Lair:6   | Received a gift from Okawaru
 23269 | Lair:6   | Found a staircase to the Slime Pits.
 23346 | Lair:6   | Reached XP level 15. HP: 136/136 MP: 16/16
 23787 | Lair:6   | Killed newuser's ghost
 24085 | D:7      | Killed Cykl0x's ghost
 24303 | D:13     | Reached skill level 17 in Shields
 25969 | Orc:1    | Entered Level 1 of the Orcish Mines
 25992 | Orc:1    | Noticed Harold
 26003 | Orc:1    | Killed Harold
 26091 | Orc:1    | Noticed Josephine
 26099 | Orc:1    | Received a gift from Okawaru
 26112 | Orc:1    | Killed Josephine
 26146 | Orc:1    | Found a flagged portal.
 26161 | Bailey   | Entered a bailey
 27126 | Orc:1    | Found a roughly hewn altar of Beogh.
 27262 | Orc:2    | Entered Level 2 of the Orcish Mines
 27531 | Orc:2    | Found a roughly hewn altar of Beogh.
 27614 | Orc:2    | Found a runed door.
 27614 | Orc:2    | Found a shimmering altar of Xom.
 27614 | Orc:2    | Noticed gre3edy's ghost (journeyman DsFi)
 27915 | Orc:2    | Killed gre3edy's ghost
 28079 | Orc:2    | Found a staircase to the Elven Halls.
 28238 | Orc:2    | Noticed an orc warlord
 28540 | Orc:2    | Killed an orc warlord
 28550 | Orc:2    | Reached skill level 18 in Shields
 29131 | Orc:2    | Found Lenirewn's Antique Armour Shop.
 29131 | Orc:2    | Found Hotekloe's General Store.
 29131 | Orc:2    | Found Guloz's Antique Weapon Shop.
 29131 | Orc:2    | Found Wedysei's Jewellery Boutique.
 29148 | Orc:2    | Bought a runed hat for 119 gold pieces
 29178 | Orc:2    | Bought a potion of mutation for 104 gold pieces
 29273 | Orc:2    | Received a gift from Okawaru
 29290 | Orc:2    | Got a dazzling scale mail {god gift}
 29306 | Orc:2    | Identified the +1 scale mail "Pyddemun" {-Tele rN+++ Dex+5}
                  | (Okawaru gifted it to you on level 2 of the Orcish Mines)
 29881 | Orc:2    | Bought the amulet of Cuen {Gourm rF+ Dex+4} for 838 gold
                  | pieces
 30305 | D:14     | Found Jahomn's Gadget Boutique.
 30366 | D:14     | Reached XP level 16. HP: 147/147 MP: 17/17
 30872 | D:14     | Found a gate to the Vaults.
 31256 | D:14     | HP: 1/147 [meliai/divine providence (15)]
 31783 | D:14     | Received a gift from Okawaru
 31795 | D:14     | Got a crude glass ring
 31823 | D:14     | Identified the ring of Qiatyi {rPois rF++} (You found it on
                  | level 14 of the Dungeon)
 31893 | D:14     | Got a translucent mace
 31894 | D:14     | Identified the +4 mace of the Other Side {antimagic,
                  | +Blink} (You found it on level 14 of the Dungeon)
 32003 | D:15     | Entered Level 15 of the Dungeon
 32016 | D:14     | Reached skill level 15 in Fighting
 33184 | D:15     | Found a staircase to the Depths.
 33493 | Shoals:1 | Entered Level 1 of the Shoals
 33563 | Shoals:1 | Noticed Frances
 33572 | Shoals:1 | HP: 4/149 [smoke demon/divine providence[Frances] (13)]
 33573 | Shoals:1 | HP: 1/149 [Frances/shard of ice (22)]
 33574 | Shoals:1 | Killed from afar by a ynoxinul

Skill      XL: |  1  2  3  4  5  6  7  8  9 10 11 12 13 14 15 16 |
---------------+-------------------------------------------------+-----
Armour         | 4 5 7 8 9 10 11 12 14 15 16 | 16.1
Fighting       | 4 5 6 7 8 9 10 11 13 14 15 | 15.3
Shields        | 4 5 6 7 9 10 12 13 15 16 18 | 18.9
Long Blades    | 3 4 5 7 8 10 12 13 14 15 16 17 | 17.9
Dodging        | 1 2 3 |  3.9
Stealth        | 1 2 |  2.0
Evocations     | 1 |  1.5
Invocations    | 1 2 |  2.7

Action                   |  1- 3 |  4- 6 |  7- 9 | 10-12 | 13-15 | 16-18 || total
-------------------------+-------+-------+-------+-------+-------+-------++-------
Melee: Long sword        |   141 |   121 |   247 |   394 |       |       ||   903
       Headbutt          |    13 |    27 |    45 |   173 |   451 |   100 ||   809
       Falchion          |       |       |       |    87 |       |       ||    87
       Double sword      |       |       |       |   121 |   582 |   279 ||   982
       Scimitar          |       |       |       |       |  1166 |    10 ||  1176
Invok: Heroism           |       |       |     3 |     9 |    12 |     1 ||    25
       Finesse           |       |       |       |     2 |       |       ||     2
Evoke: Wand              |       |       |       |     5 |     3 |     3 ||    11
  Use: Scroll            |       |    12 |     1 |    13 |    17 |    10 ||    53
       Potion            |       |       |     1 |     1 |     1 |     3 ||     6
 Stab: Distracted        |       |       |       |       |     1 |       ||     1
  Eat: Chunk             |     3 |     8 |     7 |    24 |    39 |    20 ||   101
       Ration            |       |       |     1 |       |     4 |       ||     5
Armor: Plate armour      |    99 |    58 |   159 |   310 |   825 |   130 ||  1581
       Scale mail        |     1 |       |       |       |       |       ||     1
Dodge: Dodged            |    32 |     9 |    81 |   146 |   517 |    94 ||   879
Block: Shield            |    76 |    61 |   186 |   394 |  1312 |   257 ||  2286
       Rpst.: Long sword |    13 |     4 |    24 |    22 |       |       ||    63
       Falchion          |       |       |       |     2 |       |       ||     2
       Double sword      |       |       |       |    15 |    44 |    24 ||    83
       Scimitar          |       |       |       |       |    72 |       ||    72
